Map: Orbital Shipyard

Players

sagrado

  • Race: Terran Terran
  • League: Diamond

LindyHop - Winner!

  • Race: Zerg Zerg
  • League: Platinum

VOD

Have the link to the VOD?

Description

Time

  • Played on: Jan. 20, 2016, 8:18 p.m.
  • Length: 23:15
Show
View Real Time Build Order
Export as new Build Order

sagrado Terran 

Build Orders: Reaper Expand, MMM Bio 

Get SALT Encoding   

  12  0:00  SCV  
  13  0:12  SCV  
  14  0:22  Supply Depot  
  14  0:25  SCV  
  15  0:43  SCV  
  15  0:45  Barracks  
  16  0:58  Refinery  
  16  1:22  Command Center  
  16  1:33  Orbital Command  
  16  1:49  Reaper  
  17  1:59  Supply Depot  
  17  2:07  Engineering Bay  
  16  2:21  Refinery  
  16  2:25  Factory  
  16  2:29  SCV  
  17  2:32  Barracks Tech Lab  
  17  2:41  Orbital Command  
  17  2:51  Marine  
  18  3:02  SCV  
  19  3:11  SCV  
  20  3:13  Factory Reactor, Marine  
  20  3:14  SCV  
  22  3:25  Stimpack  
  22  3:28  Barracks  
  22  3:30  SCV x2, Barracks  
  24  3:38  Marauder  
  25  3:46  SCV  
  25  3:47  Engineering Bay  
  26  3:48  SCV  
  27  4:00  Marine  
  28  4:04  Factory Tech Lab  
  28  4:10  Starport  
  28  4:18  Marine  
  28  4:19  Barracks Reactor, Barracks Tech Lab  
  29  4:25  Siege Tank  
  29  4:28  SCV x2  
  29  4:30  Supply Depot  
  34  4:40  Terran Infantry Weapons Level 1, SCV  
  34  4:43  Missile Turret  
  35  4:46  Missile Turret  
  35  4:53  Refinery  
  35  4:54  Refinery  
  35  4:56  Marine x2  
  35  4:57  Marine  
  38  5:02  Medivac  
  40  5:15  Supply Depot  
  40  5:19  Liberator  
  40  5:22  SCV x2  
  40  5:27  Combat Shields  
  45  5:50  Marine x2  
  45  5:51  Siege Tank, Marine x2  
  45  5:54  Liberator  
  52  5:58  Supply Depot  
  52  6:05  Supply Depot  
  52  6:07  Marine  
  52  6:08  Marine  
  52  6:09  Supply Depot  
  57  6:19  Medivac  
  59  6:32  Liberator  
  51  6:44  Terran Infantry Armor Level 1  
  49  6:49  Command Center  
  52  7:00  Armory  
  52  7:02  Marine x2  
  52  7:05  SCV, Missile Turret  
  55  7:11  Concussive Shells, Marine  
  56  7:22  Medivac  
  58  7:23  Marine x3  
  61  7:36  Marine  
  62  7:40  Marine  
  62  7:41  Marauder, Marine  
  66  8:00  SCV x2  
  66  8:02  Orbital Command  
  68  8:09  Barracks  
  68  8:12  SCV x2  
  70  8:19  Marine x2  
  70  8:20  Marauder, Marine  
  70  8:24  SCV  
  72  8:37  Marine  
  72  8:39  Liberator x2  
  67  8:43  Missile Turret x2  
  67  8:44  Missile Turret  
  67  8:53  SCV x2  
  67  8:55  Missile Turret  
  75  9:09  Siege Tank  
  78  9:11  Terran Infantry Weapons Level 2, Orbital Command  
  78  9:16  Marine x2  
  78  9:17  Marine  
  80  9:18  Engineering Bay  
  80  9:22  Liberator  
  81  9:29  Marine  
  82  9:34  Marine x2  
  82  9:35  Marauder  
  86  9:45  Liberator  
  89  9:47  Marauder  
  91  9:53  Missile Turret  
  91  9:56  Missile Turret  
  91  9:57  Marine x2  
  91  9:58  Missile Turret, Marauder  
  91  9:59  Missile Turret  
  95  10:05  Missile Turret  
  98  10:08  SCV, Marine  
  98  10:09  SCV  
  98  10:11  Barracks Tech Lab  
  101  10:21  Refinery  
  101  10:23  Refinery  
  101  10:24  Supply Depot  
  101  10:29  Supply Depot  
  101  10:41  Terran Infantry Armor Level 2  
  101  10:45  Marine x4  
  101  10:46  Marauder  
  97  10:57  Widow Mine  
  97  11:03  Marine x3  
  103  11:04  Marauder  
  103  11:07  Marauder  
  103  11:09  SCV x3, Missile Turret  
  108  11:14  Missile Turret  
  108  11:21  SCV x3, Marine  
  108  11:25  Marauder, Marine x2  
  115  11:30  Terran Vehicle Weapons Level 1  
  116  11:35  Widow Mine  
  116  11:36  Marauder  
  116  11:37  Supply Depot  
  116  11:39  Marine  
  121  11:43  Marine x2  
  121  11:46  Marine  
  124  11:52  SCV  
  125  11:59  SCV, Marine x2  
  125  12:01  Marine x2  
  103  12:09  Marine  
  83  12:16  Marine  
  83  12:17  Marauder  
  83  12:18  Marine  
  83  12:19  Marine  
  86  12:23  Widow Mine  
  86  12:27  Marauder  
  86  12:28  Medivac  
  92  12:34  Marine  
  92  12:36  Marine x2  
  95  12:38  Marauder  
  95  12:39  SCV x3  
  100  12:45  Medivac  
  100  12:48  Marine  
  100  12:51  SCV x2  
  105  12:52  Marine  
  106  12:58  Medivac  
  106  13:01  SCV  
  106  13:03  SCV, Starport  
  106  13:04  Starport  
  106  13:05  Terran Infantry Weapons Level 3  
  110  13:12  Marine x3  
  114  13:13  Marauder, Marine  
  114  13:14  SCV  
  114  13:15  Medivac  
  119  13:30  Liberator, Marine x3  
  119  13:31  Marauder  
  126  13:34  Marauder  
  126  13:35  Liberator  
  126  13:39  SCV x2  
  128  13:47  Medivac  
  133  13:52  Marine x2  
  133  13:53  SCV, Marauder  
  141  14:10  Marine  
  141  14:18  Supply Depot  
  141  14:20  Supply Depot  
  141  14:22  Supply Depot  
  141  14:23  Supply Depot  
  141  14:25  Supply Depot  
  141  14:39  Widow Mine  
  141  14:40  Marauder, Marine x4  
  141  14:41  Medivac x2  
  153  14:50  Medivac  
  153  14:51  Medivac  
  156  14:58  Marauder, Marine x3  
  161  15:02  Marauder  
  163  15:08  Widow Mine  
  165  15:15  Marine x2  
  165  15:16  Marauder  
  165  15:20  Marauder  
  171  15:23  Marauder  
  173  15:33  Marine x2  
  169  15:37  Marauder, Widow Mine  
  169  15:40  Marine  
  174  15:44  Marauder  
  174  15:48  Medivac x2  
  180  15:51  Marine  
  180  15:53  Medivac, Marine  
  186  15:59  Marauder x2  
  186  16:03  Starport Tech Lab  
  188  16:05  Marine, Terran Infantry Armor Level 3, Widow Mine  
  188  16:06  Terran Vehicle Weapons Level 2  
  188  16:09  Marine  
  192  16:11  Marine  
  193  16:18  Medivac  
  193  16:20  Marauder, Marine  
  193  16:24  Marauder  
  200  16:29  Marine  
  200  16:31  Marine  
  197  16:34  Widow Mine  
  197  16:38  Marauder  
  196  16:41  Marine  
  196  16:44  Marine  
  196  16:47  Marine  
  198  16:49  Marine  
  200  17:11  Liberator  
  195  17:27  Marine x3  
  195  17:28  Marauder x2  
  157  17:45  Marine x2  
  157  17:46  Marauder  
  157  17:49  Marauder, Marine  
  140  17:52  Widow Mine  
  140  17:58  Medivac x3  
  130  18:03  Marine x2  
  134  18:07  Marauder, Marine  
  134  18:11  Medivac, Marauder  
  141  18:20  Marine x2, Widow Mine  
  141  18:22  Terran Vehicle And Ship Armor Level 1  
  141  18:25  Marauder  
  147  18:28  Marine  
  147  18:32  Marauder  
  146  18:38  Marine x2  
  129  18:46  Marauder x2  
  119  18:49  Widow Mine  
  119  18:50  Medivac  
  119  18:53  Marine  
  124  18:56  Marine x2  
  124  19:02  Liberator x3  
  113  19:07  Marine  
  113  19:08  Marauder  
  106  19:11  Marine  
  106  19:14  Marine x2  
  106  19:16  Liberator  
  103  19:17  Widow Mine  
  113  19:25  Marauder  
  113  19:28  Marine  
  113  19:29  Marauder  
  118  19:32  Marine x2  
  123  19:45  Liberator x3  
  123  19:46  Marine, Widow Mine, Orbital Command  
  123  19:47  Marauder  
  123  19:50  Marine  
  129  19:59  Liberator  
  129  20:04  Marine  
  139  20:08  Marine  
  140  20:14  Widow Mine  
  145  20:21  Orbital Command  
  145  20:39  Marine  
  145  20:40  Marauder, Marine x3  
  151  20:43  Widow Mine  
  147  21:07  Liberator  
  143  21:21  Marine  
  143  21:22  Marauder x3  
  143  21:23  Widow Mine  
  155  21:27  Refinery  
  155  21:31  Refinery  
  155  21:35  Marine  
  155  21:39  Marine  
  157  21:44  Marauder x3  
  163  21:51  Widow Mine  
  163  21:52  Marine  
  163  21:53  Liberator x2  
  153  22:06  Marine  
  160  22:20  Widow Mine  
Show
View Real Time Build Order
Export as new Build Order

LindyHop Zerg - Winner!

Build Orders: Hatch First, Muta Ling Bane 

Get SALT Encoding   

  12  0:01  Drone  
  13  0:12  Overlord  
  13  0:17  Drone  
  14  0:30  Drone x2  
  14  0:35  Drone  
  17  0:54  Hatchery  
  16  0:58  Drone  
  17  1:12  Spawning Pool  
  17  1:13  Drone  
  17  1:18  Extractor  
  17  1:23  Drone x2  
  18  1:27  Drone  
  19  1:42  Overlord  
  19  1:58  Queen  
  21  2:02  Zergling x2  
  21  2:06  Queen  
  24  2:10  Zergling x2  
  24  2:15  Zergling x2  
  26  2:25  Roach Warren, Drone  
  26  2:38  Drone x3  
  26  2:39  Drone  
  30  2:50  Overlord  
  30  2:55  Metabolic Boost  
  30  3:06  Roach x2  
  30  3:07  Roach  
  36  3:30  Drone x2  
  38  3:40  Drone  
  39  3:42  Drone x3  
  39  3:44  Hatchery, Evolution Chamber  
  40  3:54  Drone x4  
  44  4:03  Overlord  
  44  4:04  Overlord  
  44  4:08  Extractor  
  43  4:12  Zerg Ground Armor Level 1  
  43  4:14  Drone  
  44  4:26  Pneumatized Carapace  
  44  4:29  Drone x3  
  44  4:30  Extractor  
  46  4:31  Drone  
  46  4:32  Drone x2  
  46  4:37  Extractor  
  48  4:38  Drone  
  48  4:39  Drone x3  
  52  4:56  Lair  
  52  4:57  Queen  
  54  5:02  Drone x5  
  59  5:17  Drone x3  
  59  5:18  Drone x3  
  65  5:22  Extractor  
  64  5:30  Baneling Nest  
  64  5:31  Overlord  
  64  5:32  Overlord x2  
  63  5:48  Overlord  
  63  5:55  Zergling x10  
  68  6:07  Spire  
  68  6:11  Zergling x4  
  69  6:14  Zergling x4  
  71  6:43  Drone  
  71  6:44  Drone x5  
  77  6:48  Extractor  
  77  6:50  Drone x2  
  78  7:01  Hatchery  
  78  7:07  Centrifical Hooks  
  77  7:10  Drone x3  
  77  7:11  Drone  
  77  7:12  Hatchery, Drone x3  
  82  7:18  Mutalisk  
  82  7:19  Mutalisk x2  
  82  7:20  Overlord x3  
  86  7:49  Mutalisk x3  
  86  7:50  Mutalisk x10  
  112  7:56  Overlord x2  
  112  7:57  Overseer  
  112  7:58  Overseer  
  112  8:10  Baneling x3  
  112  8:11  Baneling x4  
  112  8:13  Overlord x2  
  112  8:27  Zergling x6  
  112  8:28  Zergling x8  
  112  8:32  Mutalisk x2  
  123  8:35  Zergling x4  
  123  8:51  Mutalisk x3  
  123  8:52  Mutalisk  
  123  8:53  Zergling x2  
  132  9:06  Drone x2  
  132  9:07  Drone x5  
  139  9:12  Drone x2  
  139  9:15  Zerg Melee Weapons Level 1  
  139  9:16  Zerg Flyer Weapons Level 1  
  141  9:17  Infestation Pit  
  141  9:18  Overseer x2  
  141  9:19  Zergling x2  
  141  9:20  Evolution Chamber, Zergling x8  
  144  9:25  Zergling x4  
  146  9:33  Drone x3  
  146  9:34  Drone x4  
  153  9:40  Hatchery  
  153  9:43  Mutalisk  
  153  9:44  Zergling x2  
  153  9:45  Zergling x4  
  155  10:02  Hydralisk Den  
  155  10:04  Zergling x2  
  155  10:05  Zergling x4  
  155  10:06  Overlord x4  
  155  10:07  Overlord x6  
  157  10:08  Zerg Ground Armor Level 2  
  157  10:11  Hive  
  157  10:14  Extractor  
  156  10:24  Zergling x4  
  156  11:06  Extractor  
  156  11:08  Hydralisk x2  
  156  11:09  Zerg Missile Weapons Level 1, Hydralisk x7  
  156  11:10  Hydralisk x6  
  156  11:11  Hydralisk  
  187  11:21  Baneling x3  
  187  11:22  Hydralisk x5, Baneling x2  
  187  11:23  Hydralisk  
  190  12:07  Hydralisk  
  190  12:08  Hydralisk x15  
  141  12:09  Hydralisk x2  
  141  12:10  Hydralisk  
  141  12:11  Zergling x6  
  141  12:12  Zergling x2  
  141  12:14  Zergling x2  
  141  12:15  Zergling x2  
  165  12:24  Zerg Melee Weapons Level 2  
  165  12:26  Zergling x2  
  165  12:27  Zergling x10  
  171  12:33  Zergling x10  
  171  12:35  Zergling x2  
  177  12:42  Baneling  
  177  12:43  Baneling x10  
  177  12:46  Zergling x12  
  183  12:53  Zergling x10  
  188  12:59  Zergling x2  
  188  13:00  Zergling x6  
  188  13:05  Ultralisk Cavern, Zergling x12  
  196  13:06  Zergling x2  
  196  13:11  Hatchery  
  197  13:15  Baneling x4  
  197  13:16  Corruptor  
  198  13:58  Corruptor  
  200  14:02  Baneling  
  200  14:03  Baneling x5  
  196  15:46  Corruptor x2  
  199  15:53  Zerg Missile Weapons Level 2  
  199  15:55  Zerg Ground Armor Level 3  
  199  15:56  Chitinous Plating, Muscular Augments  
  199  15:58  Adrenal Glands  
  195  16:28  Corruptor  
  195  16:29  Corruptor x2  
  189  17:03  Corruptor x4  
  189  17:04  Corruptor x2  
  189  17:07  Ultralisk  
  190  17:28  Corruptor x5  
  192  17:40  Zergling x10  
  192  17:41  Zergling x12  
  161  17:46  Hydralisk x3  
  161  17:47  Hydralisk x5  
  145  17:52  Zergling x2  
  145  17:53  Zergling x2  
  145  17:58  Zergling x2  
  128  18:06  Hatchery  
  128  18:09  Hatchery  
  128  18:10  Ultralisk x3  
  128  18:11  Ultralisk x3, Zergling x4  
  159  18:24  Greater Spire  
  159  18:25  Zergling x2  
  159  18:26  Zergling x16  
  150  18:43  Zergling x2  
  150  18:44  Zergling x10  
  150  18:45  Zergling x6  
  150  18:48  Baneling x3  
  150  18:49  Zergling x8  
  144  19:13  Zergling x2  
  144  19:14  Zergling x20  
  154  19:17  Overseer x4  
  154  19:18  Hatchery, Overseer  
  154  19:24  Hatchery  
  152  19:35  Extractor  
  152  19:36  Extractor  
  145  20:02  Spine Crawler  
  145  20:05  Overseer  
  143  20:27  Zergling x24  
  149  20:51  Baneling x6  
  149  20:52  Baneling  
  149  20:54  Ultralisk  
  150  21:03  Drone x6  
  156  21:09  Drone x2  
  145  22:03  Zergling x30  
  145  22:04  Zergling x14  
  166  22:28  Baneling  
  166  22:29  Baneling x6  
  155  22:45  Zergling x2  
  155  22:46  Zergling x20  
  155  22:48  Zergling x2  
Tags
 
Add a new tag
Caveats
  • Supply blocks, unpowered buildings, or Contaminate may cause inaccurate times.
  • Supply counts are checked every 10 seconds.